 Dungeon Sprint DCSS version 0.31-a0-564-g3b7de120b3 (webtiles) character file.

Game seed: 15726132225557251714

1230 rocky1 the Martial Artist (level 8, -9/61 HPs)
             Began as a Djinni Shapeshifter on Aug 18, 2023.
             Was an Initiate of Gozag.
             Mangled by Snorg (19 damage)
             ... in the Dungeon (Sprint III: "The Ten Rune Challenge").
             The game lasted 00:04:59 (1641 turns).

rocky1 the Martial Artist (Djinni Shapeshifter)     Turns: 1641, Time: 00:05:01

Health: -9/61      AC:  3    Str: 14    XL:     8   Next: 77%
Gold:   289        EV: 15    Int: 11    God:    Gozag SH:  0 Dex: 15

rFire   + +          +
                       - Unarmed
rCold   x . .        (no shield)
rNeg    . . .        a - +0 animal skin
rPois   ∞            (helmet currently unavailable)
rElec   .            (cloak currently unavailable)
rCorr   .            (gloves currently unavailable)
SInv    .            (boots unavailable)
Will    .....        (no amulet)
Stlth   ++           (no ring)
HPRegen 0.30/turn    (no ring)
MPRegen 0.00/turn

%: no teleportation, infuse magic (-10 HP)
@: mighty, brilliant, beast-form, flying
A: beast (slay +4), flying, sickness immunity, fire resistance 3, cold
vulnerability 1, float, innate caster, HP casting, extra vitality 1, horns 1,
shaggy fur 1
a: Begin Untransformation, Renounce Religion, Potion Petition, Call Merchant,
Bribe Branch


You were in the Dungeon.
You worshipped Gozag.
Gozag was aware of your devotion.
You were a hulking beast.
You visited 1 branch You collected 529 gold pieces.
You paid 240 gold pieces to Gozag.

Inventory:

Hand Weapons
 p - a +1 long sword of holy wrath
Armour
 a - a +0 animal skin (worn)
 g - a +0 pair of gloves
Talismans
 c - a beast talisman (active)
 d - a flux talisman
Wands
 h - a wand of iceblast (12)
Scrolls
 i - a scroll of blinking
 j - a scroll of vulnerability {unknown}
 k - a scroll of amnesia {unknown}
 l - a scroll of poison {unknown}
 m - 2 scrolls of identify {unknown}
 n - a scroll of torment {unknown}
Potions
 b - a potion of mutation
 e - 2 potions of curing
 f - 2 potions of heal wounds
 o - a potion of resistance {unknown}


   Skills:
 * Level 5.6 Fighting
 + Level 7.1 Dodging
 - Level 3.1 Stealth
 + Level 12.8 Unarmed Combat
 - Level 8.1 Shapeshifting


You knew the following spells:

 Your Spells              Type           Power      Damage    Failure   Level
a - Apportation           Tloc           0%         N/A       34%         1
b - Poisonous Vapours     Pois/Air       0%         N/A       47%         2
c - Tukima's Dance        Hex            0%         N/A       71%         3
Your spell library was empty.

Dungeon Overview and Level Annotations

Branches:
Dungeon (1/1)

Altars:
Cheibriados
Dithmenos
Elyvilon
Fedhas
Gozag
Hepliaklqana
Makhleb
Nemelex Xobeh
Okawaru
Qazlal
Ru
Trog
Uskayaw
Wu Jian
Xom
Yredelemnul
Zin
The Shining One
Jiyva
Lugonu

Annotations:
D Snorg


Innate Abilities, Weirdness & Mutations

You are a hulking beast.
Your limbs bulge with bestial killing power. (Slay +4)
You are flying.
You are immune to sickness and miasma.
You are immune to poison.
Your flesh is almost immune to the effects of heat. (rF+++)
You are vulnerable to cold. (rC-)
You float through the air rather than walking.
You learn spells naturally, not from books.
Your magical power is your life essence.
You have superior vitality. (+4 MHP)
You have a pair of small horns on your head.
You are covered in fur. (AC +1)


Message History

There is an open door here.
Cast which spell? (? or * to list)
Okay, then.
You reach down and open the door.
There is an open door here.
Snorg the Insatiable comes into view.
Okay, then. [a] - 638 gold - resistance, might, heal wounds and curing [b] - 240 gold - might and brilliance [c] - 812 gold - resistance, might, haste and heal wounds Purchase which effect? [a] - 638 gold - resistance, might, heal wounds and curing [b] - 240 gold - might and brilliance [c] - 812 gold - resistance, might, haste and heal wounds Purchase which effect?
You no longer have enough gold to petition Gozag for potion effects.
You feel very mighty all of a sudden.
You feel clever all of a sudden.
Unknown command.
Snorg shouts!
You pummel Snorg!!
Snorg is lightly wounded.
Snorg bites you. Snorg completely misses you. Snorg barely misses you.
You punch Snorg!
Snorg is moderately wounded.
You barely miss Snorg.
Snorg is moderately wounded.
Snorg bites you. Snorg claws you. Snorg barely misses you.
You punch Snorg! You headbutt Snorg!
Snorg is heavily wounded.
Snorg bites you. Snorg claws you! Snorg claws you.
You pummel Snorg!!
Snorg is severely wounded.
Snorg goes berserk!
You pummel Snorg!!
Snorg is almost dead.
Snorg bites you!!
* * * LOW HITPOINT WARNING * * *
Snorg barely misses you. Snorg claws you!!
You die...
Your body crumbles into a pile of gold.

..#___#___#__#
..#...#__)#._#
..###'#'###+##
..#..........#
..'.⌠........#
..#...######'#
..#.⌠.#__#...#+#####
..#...#__#...#.§~~~+
..#'###__#...#.#h§§#
..#.))#__#...'.#T§§#
..#___#__'...#.#.§§#
▓▓▓▓▓▓▓▓▓▓▓▓▓▓▓▓▓▓▓▓


You could see Snorg (berserk).

Vanquished Creatures
  A deep elf pyromancer (D)
  A shadow (D)
  A spatial vortex (D)
  A necrophage (D)
  A water elemental (D)
  A jelly (D)
  A wizard (D)
  A necromancer (D)
  A kobold demonologist (D)
  3 humans (D)
  A wolf (D)
  4 rats (D)
17 creatures vanquished.

Notes
Turn   | Place    | Note
-------+----------+-------------------------------------------
     0 | D        | rocky1 the Djinni Shapeshifter began the quest for the Orb.
     0 | D        | Reached XP level 1. HP: 17/17 MP: 0/0
    83 | D        | Reached skill level 4 in Unarmed Combat
    83 | D        | Reached XP level 2. HP: 22/22 MP: 0/0
    83 | D        | Reached XP level 3. HP: 27/27 MP: 0/0
    83 | D        | Learned a level 1 spell: Apportation
   423 | D        | Gained mutation: Your body sometimes deteriorates upon
                  | taking damage. [potion of mutation]
   423 | D        | Gained mutation: You have a pair of small horns on your
                  | head. [potion of mutation]
   424 | D        | Lost mutation: Your body sometimes deteriorates upon taking
                  | damage. [potion of mutation]
   424 | D        | Lost mutation: You have a pair of small horns on your head.
                  | [potion of mutation]
   424 | D        | Gained mutation: Your body sometimes deteriorates upon
                  | taking damage. [potion of mutation]
   425 | D        | Lost mutation: Your body sometimes deteriorates upon taking
                  | damage. [potion of mutation]
   425 | D        | Gained mutation: You are covered in fur. (AC +1) [potion of
                  | mutation]
   425 | D        | Gained mutation: Your flesh is almost immune to the effects
                  | of heat. (rF+++) [potion of mutation]
   425 | D        | Gained mutation: You have a pair of small horns on your
                  | head. [potion of mutation]
   429 | D        | Noticed a water elemental
   437 | D        | Killed a water elemental
   438 | D        | Reached skill level 1 in Stealth
   438 | D        | Reached skill level 6 in Unarmed Combat
   438 | D        | Reached skill level 5 in Shapeshifting
   438 | D        | Reached XP level 4. HP: 32/32 MP: 0/0
   600 | D        | Noticed a shadow
   619 | D        | Reached XP level 5. HP: 29/37 MP: 0/0
   619 | D        | Learned a level 2 spell: Poisonous Vapours
   772 | D        | Killed a shadow
   773 | D        | Reached skill level 5 in Dodging
   773 | D        | Reached skill level 8 in Unarmed Combat
   773 | D        | Reached XP level 6. HP: 9/42 MP: 0/0
  1070 | D        | Found a blossoming altar of Fedhas.
  1070 | D        | Found a stormy altar of Qazlal.
  1070 | D        | Found a snail-covered altar of Cheibriados.
  1070 | D        | Found a burning altar of Makhleb.
  1070 | D        | Found a shimmering altar of Xom.
  1070 | D        | Noticed a spatial vortex
  1071 | D        | Found a hazy altar of Hepliaklqana.
  1071 | D        | Found an opulent altar of Gozag.
  1071 | D        | Found a sparkling altar of Nemelex Xobeh.
  1071 | D        | Found a corrupted altar of Lugonu.
  1071 | D        | Found a viscous altar of Jiyva.
  1079 | D        | Became a worshipper of Gozag Ym Sagoz the Greedy
  1089 | D        | Killed a spatial vortex
  1090 | D        | Reached skill level 9 in Unarmed Combat
  1090 | D        | Reached XP level 7. HP: 48/48 MP: 0/0
  1090 | D        | Learned a level 3 spell: Tukima's Dance
  1207 | D        | Found a basalt altar of Yredelemnul.
  1207 | D        | Found a shadowy altar of Dithmenos.
  1207 | D        | Found a sacrificial altar of Ru.
  1211 | D        | Reached skill level 10 in Unarmed Combat
  1236 | D        | Found a glowing silver altar of Zin.
  1236 | D        | Found a glowing golden altar of the Shining One.
  1236 | D        | Found a white marble altar of Elyvilon.
  1237 | D        | Noticed a deep elf pyromancer
  1244 | D        | Killed a deep elf pyromancer
  1245 | D        | Reached skill level 11 in Unarmed Combat
  1245 | D        | Reached XP level 8. HP: 40/58 MP: 0/0
  1324 | D        | Reached skill level 12 in Unarmed Combat
  1343 | D        | Found a hide-covered altar of Uskayaw.
  1343 | D        | Found an iron altar of Okawaru.
  1343 | D        | Found a bloodstained altar of Trog.
  1343 | D        | Found an ornate altar of the Wu Jian Council.
  1343 | D        | Noticed a human
  1344 | D        | Noticed a human
  1375 | D        | Killed a human
  1376 | D        | Reached skill level 5 in Fighting
  1381 | D        | Killed a human
  1633 | D        | Noticed Snorg
  1641 | D        | Mangled by Snorg

Illustrated notes

Levels and vault maps discovered:
D:        dungeon_sprint_mu [sprint_mu_entry_cave, sprint_mu_temple_rooms,
          sprint_mu_d1_horrors, sprint_mu_d2_genie, sprint_mu_d3_branching,
          sprint_mu_orc_legion, sprint_mu_elf_gauntlet, sprint_mu_hive_nellie,
          sprint_mu_lair_fedhas, sprint_mu_vaults_butterflies,
          sprint_mu_slime_circle, sprint_mu_swamp_cave, sprint_mu_shoals_kraken,
          sprint_mu_blade_basic, sprint_mu_crypt_fortress,
          sprint_mu_tomb_spiral, sprint_mu_vestibule_basic,
          sprint_mu_gehenna_hellfire, sprint_mu_dis_giant,
          sprint_mu_tartarus_statrot, sprint_mu_cocytus_islands, sprint_mu_zot1]

Skill      XL: |  1  2  3  4  5  6  7  8 |
---------------+-------------------------+-----
Shapeshifting  | 3 5 6 7 8 |  8.1
Unarmed Combat | 4 6 8 9 11 12 | 12.8
Dodging        | 3 4 5 6 7 |  7.1
Stealth        | 1 2 3 |  3.1
Fighting       | 4 5 |  5.6

Action                     |  1- 3 |  4- 6 |  7- 9 || total
---------------------------+-------+-------+-------++-------
  Melee: Unarmed           |    37 |    18 |    34 ||    89
         Headbutt          |     2 |     1 |     9 ||    12
         Punch             |       |       |     2 ||     2
 Invoke: Potion Petition   |       |       |     1 ||     1
    Use: Potion            |     5 |       |     1 ||     6
   Stab: Sleeping          |     2 |       |     3 ||     5
 Armour: Skin              |    17 |       |       ||    17
         Animal skin       |     1 |       |     1 ||     2
  Dodge: Dodged            |     8 |     9 |    16 ||    33

Table legend: (Time is in decaauts)
 A = Elapsed time spent in this place.
 B = Non-inter-level travel time spent in this place.
 C = Inter-level travel time spent in this place.
 D = Time resting spent in this place.
 E = Time spent auto-exploring this place.
 F = Levels seen in this place.
 G = Mean time per level.
                   A        B        C        D        E       F      G
               +--------+--------+--------+--------+--------+-----+--------+
         Total |   1626 |   1626 |      0 |   1235 |     34 |   1 | 1626.0 |
       Dungeon |   1626 |   1626 |      0 |   1235 |     34 |   1 | 1626.0 |
               +--------+--------+--------+--------+--------+-----+--------+

Top non-repeatable levels by time:
       D: 1626 daAuts
